 Dungeon Sprint DCSS version 0.24-a0-459-g225fefd530 (webtiles) character file.

Game seed: 8942215679884398201

125 wilfster70 the Digger (level 5, -1/33 HPs)
             Began as a Gargoyle Earth Elementalist on June 28, 2019.
             Slain by a human
             ... wielding a +0 whip
              (2 damage)
             ... in the Dungeon (Sprint III: "The Ten Rune Challenge").
             The game lasted 00:02:25 (830 turns).

wilfster70 the Digger (Gargoyle Earth Elementalist)  Turns: 830, Time: 00:02:26

Health: -1/33      AC:  6    Str: 12    XL:     5   Next: 9%
Magic:  1/11       EV: 12    Int: 16    God:
Gold:   27         SH:  0    Dex: 10    Spells: 8/12 levels left

rFire    . . .     SeeInvis .   (no weapon)
rCold    . . .     Gourm    .   (no shield)
rNeg     + . .     Faith    .   c - +0 robe
rPois    ∞         Spirit   .   (no helmet)
rElec    +         Reflect  .   (no cloak)
rCorr    .         Harm     .   (no gloves)
MR       .....     NoTele   +   (no boots)
Stlth    ++........             (no amulet)
HPRegen  0.11/turn              (no ring)
MPRegen  0.12/turn              (no ring)

@: no status effects
A: negative energy resistance 1, electricity resistance, unbreathing,
petrification resistance, rot immunity, AC +4
a: no special abilities


You were in the Dungeon.
You were not hungry.

You visited 1 branch You collected 27 gold pieces.

Inventory:

Missiles
 b - 6 stones (quivered)
Armour
 c - a +0 robe (worn)
Scrolls
 a - a scroll of torment
 j - a scroll of blinking
 l - 3 scrolls of remove curse
 n - a scroll of immolation
Potions
 e - 3 potions of curing
 f - a potion of heal wounds
 g - a potion of haste
 h - 2 potions of magic
 i - a potion of berserk rage
 m - a potion of lignification
 o - 5 potions of mutation
Comestibles
 d - 3 rations


   Skills:
 + Level 4.2 Fighting
 + Level 4.3 Armour
 - Level 1.5 Dodging
 - Level 2.1 Stealth
 + Level 4.1 Spellcasting
 + Level 2.8 Conjurations
   Level 0.7 Transmutations
 * Level 7.9 Earth Magic


You had 8 spell levels left.
You knew the following spells:

 Your Spells              Type           Power        Failure   Level  Hunger
a - Sandblast             Erth           ####..       1%          1    None
b - Stone Arrow           Conj/Erth      ###...       5%          3    ###....

Your spell library contained the following spells:

 Spells                   Type           Power        Failure   Level  Hunger
 Passwall                 Tmut/Erth      ###.....     4%          2    ##.....
 Lee's Rapid Deconstruct  Erth           ####......   19%         5    ######.
 Petrify                  Tmut/Erth      ###.....     28%         4    ####...


Dungeon Overview and Level Annotations

Branches:
Dungeon (1/1)

Altars:
Okawaru
Trog
Uskayaw
Wu Jian
Beogh


Innate Abilities, Weirdness & Mutations

You are resistant to torment.
Your stone body is resilient. (AC +4)
You are immune to poison.
You resist negative energy. (rN+)
You are resistant to electric shocks. (rElec)
You can survive without breathing.
You are immune to petrification.
You are immune to rotting.


Message History

Casting: Sandblast (safe; 1% risk of failure)
Confirm with . or Enter, or press ? or * to list all spells.
Aiming: Sandblast (safe; 1% risk of failure)
Press: ? - help, Shift-Dir - straight line, f - human
Aim: a human, wielding a +0 whip (lightly wounded, berserk, fast, unusually strong)
The blast of sand hits the human.
The human is lightly wounded.
b - 7 stones The human hits you with a +0 whip.
* * * LOW HITPOINT WARNING * * *
Casting: Sandblast (safe; 1% risk of failure)
Confirm with . or Enter, or press ? or * to list all spells.
Aiming: Sandblast (safe; 1% risk of failure)
Press: ? - help, Shift-Dir - straight line, f/p - human
Aim: a human, wielding a +0 whip (lightly wounded, berserk, fast, unusually strong)
The blast of sand hits the human!
The human is heavily wounded.
b - 6 stones The human barely misses you.
The human hits you with a +0 whip.
You die...

▓..##.......#..#..# #__.
▓##.##.##.[.#..#..###+#'###+
##.##.###..##'#..#.........
▓#.####.##..###...'.⌠.......
▓.###..##..####...#...######
▓#.....##..###....#.⌠.#
###..##...##.....#...#
##..##....#p.....#+###
#..###..##@#.....# #..#
#..#####....# ▓▓▓▓ ▓▓▓▓
▓▓▓▓▓▓


You could see a human (berserk).

Vanquished Creatures
  A water elemental (D)
  Jessica (D)
  A human (D)
  A wolf (D)
  2 oozes (D)
  A rat (D)
7 creatures vanquished.

Vanquished Creatures (others)
  2 draconian scorchers (D)
  6 hellions (D)
  2 yaktaurs (D)
10 creatures vanquished.

Grand Total: 17 creatures vanquished

Notes
Turn   | Place    | Note
-------+----------+-------------------------------------------
     0 | D        | wilfster70 the Gargoyle Earth Elementalist began the quest
                  | for the Orb.
     0 | D        | Reached XP level 1. HP: 10/10 MP: 3/3
     8 | D        | Reached skill level 1 in Fighting
     8 | D        | Reached skill level 1 in Armour
     8 | D        | Reached skill level 4 in Earth Magic
    27 | D        | Killed a yaktaur
    52 | D        | Reached XP level 2. HP: 4/17 MP: 0/5
    62 | D        | Killed a hellion
    93 | D        | Killed a hellion
   110 | D        | Killed a yaktaur
   117 | D        | Killed a hellion
   118 | D        | Killed a hellion
   119 | D        | Killed a hellion
   191 | D        | Killed a hellion
   205 | D        | Killed a white draconian scorcher
   228 | D        | Killed a white draconian scorcher
   338 | D        | Noticed Jessica
   345 | D        | Killed Jessica
   345 | D        | Reached skill level 6 in Earth Magic
   345 | D        | Reached XP level 3. HP: 22/22 MP: 0/7
   423 | D        | Learned a level 3 spell: Stone Arrow
   448 | D        | Reached skill level 1 in Conjurations
   448 | D        | Reached XP level 4. HP: 9/28 MP: 0/9
   698 | D        | Noticed a water elemental
   710 | D        | Killed a water elemental
   710 | D        | Reached skill level 7 in Earth Magic
   710 | D        | Reached XP level 5. HP: 26/33 MP: 0/11
   812 | D        | Found a hide-covered altar of Uskayaw.
   812 | D        | Found a roughly hewn altar of Beogh.
   812 | D        | Found an iron altar of Okawaru.
   812 | D        | Found a bloodstained altar of Trog.
   812 | D        | Found an ornate altar of the Wu Jian Council.
   812 | D        | Noticed a human
   814 | D        | Noticed a human
   829 | D        | HP: 1/33 [human/+0 whip (3)]
   830 | D        | Slain by a human

Levels and vault maps discovered:
D:        dungeon_sprint_mu [sprint_mu_entry_cave, sprint_mu_temple_rooms,
          sprint_mu_d1_horrors, sprint_mu_d2_genie, sprint_mu_d3_branching,
          sprint_mu_orc_legion, sprint_mu_elf_gauntlet, sprint_mu_hive_nellie,
          sprint_mu_lair_fedhas, sprint_mu_vaults_butterflies,
          sprint_mu_slime_circle, sprint_mu_shoals_kraken,
          sprint_mu_snake_twists, sprint_mu_blade_basic,
          sprint_mu_crypt_fortress, sprint_mu_tomb_spiral,
          sprint_mu_vestibule_basic, sprint_mu_gehenna_hellfire,
          sprint_mu_dis_giant, sprint_mu_tartarus_statrot,
          sprint_mu_cocytus_islands, sprint_mu_zot1]

Skill      XL: |  1  2  3  4 |
---------------+-------------+-----
Fighting       | 1 2 3 4 |  4.2
Armour         | 1 2 3 4 |  4.3
Earth Magic    | 4 6 7 |  7.9
Spellcasting   | 3 4 |  4.1
Conjurations   | 1 2 |  2.8
Dodging        | |  1.5
Stealth        | |  2.1
Transmutations | |  0.7

Action                   |  1- 3 |  4- 6 || total
-------------------------+-------+-------++-------
Melee: Unarmed           |     7 |       ||     7
 Cast: Sandblast         |    19 |     5 ||    24
       Stone Arrow       |       |     6 ||     6
  Use: Scroll            |       |     3 ||     3
Armor: Robe              |     5 |     1 ||     6
Dodge: Dodged            |    10 |     4 ||    14

Table legend:
 A = Non-vault XP
 B = Vault XP
 C = Vault XP percentage of total XP
 D = Non-vault monster count
 E = Vault monster count
 F = Vault count percentage of total count
                 A         B        C        D         E       F
            +---------+---------+-------+---------+---------+-------
      Total |       0 |     179 | 100.0 |       0 |       7 | 100.0
            +---------+---------+-------+---------+---------+-------
          D |       0 |     179 | 100.0 |       0 |       7 | 100.0
            +---------+---------+-------+---------+---------+-------
